 Dungeon Crawl Stone Soup version bcrawl-1.12-5-g74a5124548 (webtiles) character file.

Game seed: 17700116273597317004

12695 Banto the Unseen (level 11, -6/75 HPs)
             Began as a Dusk Walker Rogue on May 31, 2019.
             Was a Priest of Yredelemnul.
             Mangled by a cane toad (15 damage)
             ... on level 3 of the Lair of Beasts.
             The game lasted 00:22:27 (11273 turns).

Banto the Unseen (Dusk Walker Rogue)               Turns: 11273, Time: 00:22:27

Health: -6/75      AC: 16    Str: 11    XL:     11   Next: 65%
Magic:  14/14      EV: 10    Int: 14    God:    Yredelemnul [***...]
Gold:   762        SH:  4    Dex: 19    Spells: 10/10 levels left

rFire    + + .     SeeInvis .   a - +4 dagger (venom)
rCold    + . .     Gourm    .   (no shield)
rNeg     . . .     Faith    .   r - +0 ring mail
rPois    .         Spirit   .   o - +2 helmet
rElec    +         Reflect  +   d - +1 cloak
rCorr    .         Harm     .   T - +0 pair of gloves
MR       +....                  u - +2 pair of boots
Stlth    +++++++++.             G - amulet "Cun Ydo" {Reflect rElec rF++ rC+ Int+3 SH+4}
HPRegen  0.22/turn              H - ring of stealth
MPRegen  0.14/turn              l - ring of stealth

@: no status effects
A: draining touch, unencumbered stealth, fangs 3, nightstalker 1
a: Recall Undead Slaves, Injury Mirror, Animate Dead, Renounce Religion


You were on level 3 of the Lair of Beasts.
You worshipped Yredelemnul.
Yredelemnul was most pleased with you.
You were near starving.

You visited 3 branches of the dungeon, and saw 13 of its levels.
You also visited: Ossuary.

You collected 782 gold pieces.
You spent 20 gold pieces at shops.

Inventory:

Hand Weapons
 a - a +4 dagger of venom (weapon)
 b - a +0 blowgun
Missiles
 e - 785 poisoned needles
 y - 26 curare-tipped needles {!f}
Armour
 d - a +1 cloak (worn)
 o - a +2 helmet (worn)
 r - a +0 ring mail (worn)
 u - a +2 pair of boots (worn)
 T - a +0 pair of gloves (worn)
Jewellery
 c - an uncursed ring of flight
 l - a ring of stealth (right hand)
 C - an uncursed ring of protection from magic
 G - the amulet "Cun Ydo" (around neck) {Reflect rElec rF++ rC+ Int+3 SH+4}
   (You found it on level 7 of the Dungeon)

   [amulet of reflection]

   It shields you and reflects attacks.
   It affects your intelligence (+3).
   It greatly protects you from fire.
   It protects you from cold.
   It insulates you from electricity.
   It affects your SH (+4).
 H - a ring of stealth (left hand)
Wands
 f - a wand of flame (5)
 g - a wand of enslavement (24)
 p - a wand of polymorph (14)
 B - a wand of paralysis (4)
 E - a wand of clouds (2)
 P - a wand of digging (7)
Scrolls
 m - 6 scrolls of teleportation
 n - 2 scrolls of fear
 s - 6 scrolls of remove curse
 w - a scroll of silence {unknown}
 z - 2 scrolls of amnesia
 F - 2 scrolls of magic mapping
 I - 2 scrolls of enchant weapon
 J - a scroll of fog
 M - 2 scrolls of blinking
 O - 4 scrolls of enchant armour
 Q - 3 scrolls of identify
 R - a scroll of brand weapon
Potions
 i - 2 potions of curing
 j - 3 potions of lignification
 k - a potion of might
 q - 2 potions of flight
 t - a potion of magic
 v - a potion of invisibility {unknown}
 x - 2 potions of haste
 A - 2 potions of mutation
 D - 2 potions of ambrosia {unknown}
 K - a potion of cancellation {unknown}
 L - 2 potions of resistance
 N - 2 potions of degeneration {unknown}
Comestibles
 h - 29 rations {!d}


   Skills:
 + Level 7.2 Fighting
 - Level 10.0 Short Blades
 - Level 1.5 Throwing
 + Level 6.6 Armour
 - Level 19.0 Stealth
 + Level 5.1 Invocations
 - Level 2.0 Evocations


You had 10 spell levels left.
You didn't know any spells.
Your spell library contained the following spells:

 Spells                   Type           Power        Failure   Level  Hunger
 Corona                   Hex            #......      52%         1    ##.....
 Flame Tongue             Conj/Fire      #....        52%         1    ##.....
 Ensorcelled Hibernation  Hex/Ice        #.....       67%         2    ###....
 Confuse                  Hex            #.......     88%         3    ####...
 Conjure Flame            Conj/Fire      #.......     88%         3    ####...
 Dazzling Spray           Conj/Hex       #.....       88%         3    ####...
 Inner Flame              Hex/Fire       #.......     88%         3    ####...
 Recall                   Summ/Tloc      N/A          88%         3    ####...
 Tukima's Dance           Hex            #.......     88%         3    ####...
 Sticky Flame             Conj/Fire      #.......     99%         4    #####..
 Aura of Abjuration       Summ           #.........   100%        5    ######.
 Fireball                 Conj/Fire      #.........   100%        5    ######.
 Summon Demon             Summ           #.........   100%        5    ######.
 Summon Forest            Summ/Tloc      #.........   100%        5    ######.
 Summon Mana Viper        Hex/Summ       #.......     100%        5    ######.
 Shadow Creatures         Summ           N/A          100%        6    #######


Dungeon Overview and Level Annotations

Branches:
Dungeon (9/12)             Temple (1/1) D:4            Lair (3/6) D:9
  Snake (0/3) Lair:2          Orc (0/1) D:8
  Swamp: Lair:2-4    Shoals: Lair:2-4

Altars:
Ashenzari
Cheibriados
Dithmenos
Elyvilon
Fedhas
Gozag
Hepliaklqana
Kikubaaqudgha
Lugonu
Makhleb
Nemelex Xobeh
Okawaru
Qazlal
Ru
Sif Muna
Trog
Uskayaw
Vehumet
Wu Jian
Xom
Yredelemnul
Zin
The Shining One

Shops:
D:5 ==   D:6 =   D:7 !   D:8 (

Annotations:
D:5 3 runed translucent doors, Ugly Thing, Szarrukin's ghost, novice OpTm
D:8 exclusions: 2 doors and gargoyle
Lair:1 3 runed translucent doors, Xixaub Eqygg's ghost, journeyman DrTm


Innate Abilities, Weirdness & Mutations

Your attacks drain your enemies.
You move stealthily even while encumbered by armour.
You have razor-sharp teeth.
You are slightly more attuned to the shadows.


Message History

The rime drake breathes ice at you. The flash freeze misses you.
A porcupine comes into view.
The cane toad barely misses you.
The yak looks more healthy.
You barely miss the cane toad. Your bite misses the cane toad.
The cane toad closely misses you.
The rime drake bites you but does no damage.
The rime drake seems less drained.
You hit the rime drake.
You kill the rime drake!
Yredelemnul accepts your kill. The yak gores you!
* * * LOW HITPOINT WARNING * * *
You barely miss the cane toad. The cane toad hits you!
* * * LOW HITPOINT WARNING * * *
Found a potion of curing.
The cane toad hits you!
You die...
Your body rises from the dead as a mindless zombie.

.. . .. ! # .
###.#. .#..
..#....##+.#..
.............###
.....^.....###8##
......@...###≈§§###
.....YFr..#<..≈..<#
..........###≈.≈###
......Y....##§.≈##
...........#≈§§§≈#
..........##§.§§≈##
..........#≈§.§≈§§#
.........##§..##≈≈#
........#≈≈.## #≈§#


You could see 2 yaks, a cane toad and a porcupine.

Vanquished Creatures
  Fannar (Lair:3)
  A two-headed ogre (D:9)
  2 ugly things
  5 cane toads
  A rime drake (Lair:3)
  A polar bear (Lair:2)
  2 trolls
  2 hippogriffs
  4 yaks
  A wraith (Ossuary)
  A hungry ghost (D:5)
  2 basilisks
  Eustachio (D:6)
  Menkaure (D:6)
  2 nagas (Lair:2)
  6 water moccasins
  Duvessa (D:4)
  3 porcupines
  2 sky beasts
  An ice beast (D:9)
  4 orc warriors (D:8)
  4 ogres
  5 wolves (Lair:2)
  6 centaurs
  5 crocodiles
  6 big kobolds
  2 gnoll sergeants (D:8)
  6 bullfrogs
  Dowan (D:4)
  4 crimson imps
  An orc priest (D:7)
  A hound (D:8)
  3 lava snakes (Lair:3)
  3 quasits
  3 centaur zombies
  3 jellies
  3 orc wizards
  Natasha (thrice) (D:4)
  An iguana (D:9)
  8 worker ants
  A killer bee zombie (D:6)
  A mummy (Ossuary)
  2 worker ant zombies
  7 gnolls
  9 adders
  An adder zombie (D:9)
  A dart slug (D:1)
  5 leopard geckos
  21 orcs
  A ball python (D:1)
  2 bats (D:2)
  3 giant cockroaches
  5 goblins
  6 hobgoblins
  3 jackals (D:3)
  7 kobolds
  4 quokkas
  A frilled lizard (D:1)
  6 gnoll skeletons (Ossuary)
  A jackal skeleton (D:5)
  6 kobold skeletons (Ossuary)
  13 orc skeletons (Ossuary)
  4 rats
222 creatures vanquished.

Vanquished Creatures (collateral kills)
  A molten gargoyle (Lair:3)
  A cane toad (Lair:1)
  An orc warrior (D:9)
  A sky beast (D:9)
  A hound (D:9)
  An orc priest (D:9)
6 creatures vanquished.

Vanquished Creatures (others)
  A scorpion (D:9)
  A mummy (Lair:3)
  An adder (D:9)
3 creatures vanquished.

Grand Total: 231 creatures vanquished

Notes
Turn   | Place    | Note
-------+----------+-------------------------------------------
     0 | D:1      | Banto the Dusk Walker Rogue began the quest for the Orb.
     0 | D:1      | Reached XP level 1. HP: 11/11 MP: 2/2
   218 | D:1      | Reached XP level 2. HP: 18/18 MP: 3/3
   281 | D:1      | Reached skill level 1 in Fighting
   909 | D:2      | Reached XP level 3. HP: 23/23 MP: 4/4
   980 | D:2      | Reached skill level 7 in Stealth
  1780 | D:3      | Gained mutation: You are slightly more attuned to the
                  | shadows. [Dusk Walker growth]
  1780 | D:3      | Reached XP level 4. HP: 25/29 MP: 5/5
  2282 | D:4      | Noticed Duvessa
  2282 | D:4      | Noticed Dowan
  2284 | D:4      | Killed Dowan
  2312 | D:4      | Noticed Natasha
  2425 | D:4      | Reached XP level 5. HP: 35/35 MP: 6/6
  2517 | D:4      | Killed Duvessa
  2517 | D:4      | Reached skill level 8 in Stealth
  2517 | D:4      | Reached XP level 6. HP: 42/42 MP: 7/7
  2586 | D:4      | Found a shattered altar of Ashenzari.
  2641 | D:4      | Reached skill level 5 in Short Blades
  2654 | D:4      | Found a staircase to the Ecumenical Temple.
  2726 | Temple   | Entered the Ecumenical Temple
  2834 | Temple   | Became a worshipper of Yredelemnul the Dark
  3097 | D:4      | Killed Natasha
  3266 | D:4      | Noticed Natasha
  3282 | D:4      | Killed Natasha
  3282 | D:4      | Reached skill level 9 in Stealth
  3362 | D:5      | Entered Level 5 of the Dungeon
  3363 | D:5      | Found Ytze Zick's Jewellery Emporium.
  3388 | D:5      | Reached XP level 7. HP: 17/48 MP: 8/8
  3580 | D:5      | Noticed a hungry ghost
  3626 | D:4      | Noticed Natasha
  3633 | D:4      | Killed Natasha
  3682 | D:5      | Found Ziusm's Jewellery Shop.
  3715 | D:5      | Killed a hungry ghost
  3944 | D:5      | Bought a cursed amulet of inaccuracy for 20 gold pieces
  3974 | D:5      | Found a runed translucent gate.
  3977 | D:5      | Found a runed translucent gate.
  3977 | D:5      | Noticed Szarrukin's ghost (novice OpTm)
  3979 | D:5      | Found a runed translucent gate.
  4221 | D:5      | Reached skill level 10 in Stealth
  4314 | D:5      | Reached skill level 5 in Fighting
  4322 | D:5      | Noticed a brown ugly thing
  4434 | D:6      | Noticed a hippogriff
  4477 | D:6      | Killed a hippogriff
  4477 | D:6      | Gained mutation: You have razor-sharp teeth. [Dusk Walker
                  | growth]
  4477 | D:6      | Reached XP level 8. HP: 39/56 MP: 9/9
  4756 | D:6      | Found Peniy's Jewellery Shoppe.
  4772 | D:6      | Reached skill level 11 in Stealth
  4789 | D:6      | Noticed Eustachio
  4800 | D:6      | Killed Eustachio
  4807 | D:6      | Reached * piety under Yredelemnul
  4879 | D:6      | Got a pair of crude gloves
  4912 | D:6      | Reached skill level 1 in Armour
  5014 | D:6      | Noticed Menkaure
  5020 | D:6      | Killed Menkaure
  5029 | D:6      | Reached skill level 12 in Stealth
  5327 | D:6      | Identified the -3 pair of gloves of Doh Koopn {rCorr} (You
                  | found it on level 6 of the Dungeon)
  5369 | D:6      | Reached XP level 9. HP: 62/62 MP: 10/10
  5674 | D:7      | Found Weanga's Distillery.
  5745 | D:7      | Got a bound ivory amulet
  5805 | D:7      | Noticed a troll
  5819 | D:7      | Reached skill level 5 in Armour
  5830 | D:7      | Killed a troll
  5837 | D:7      | Identified the amulet "Cun Ydo" {Reflect rElec rF++ rC+
                  | Int+3 SH+4} (You found it on level 7 of the Dungeon)
  6497 | D:8      | Noticed a gargoyle
  6621 | D:8      | Found a sand-covered staircase.
  6628 | Ossuary  | Entered an ossuary
  6803 | Ossuary  | Reached ** piety under Yredelemnul
  7017 | D:8      | Reached skill level 10 in Short Blades
  7061 | D:8      | Found Pitwibes's Antique Weapon Emporium.
  7095 | D:8      | Found a staircase to the Orcish Mines.
  7095 | D:8      | Noticed a troll
  7101 | D:8      | Reached skill level 13 in Stealth
  7108 | D:8      | Reached skill level 14 in Stealth
  7115 | D:8      | Killed a troll
  7116 | D:8      | Reached XP level 10. HP: 68/68 MP: 11/11
  7265 | D:7      | Reached skill level 15 in Stealth
  7498 | D:5      | Killed a brown ugly thing
  7772 | D:9      | Reached skill level 16 in Stealth
  7797 | D:9      | Noticed a green ugly thing
  7969 | D:9      | Noticed a two-headed ogre
  7970 | D:9      | Found an opulent altar of Gozag.
  8013 | D:9      | Killed a two-headed ogre
  8033 | D:9      | Found a staircase to the Lair.
  8066 | D:9      | Killed a green ugly thing
  8066 | D:9      | Reached skill level 17 in Stealth
  8131 | D:9      | Reached *** piety under Yredelemnul
  8769 | D:9      | Reached skill level 18 in Stealth
  8911 | Lair:1   | Entered Level 1 of the Lair of Beasts
  9056 | Lair:1   | Reached skill level 1 in Invocations
  9129 | Lair:1   | Noticed a cane toad
  9135 | Lair:1   | Killed a cane toad
  9149 | Lair:1   | Reached XP level 11. HP: 72/72 MP: 12/12
  9281 | Lair:1   | Found a runed translucent gate.
  9282 | Lair:1   | Found a runed translucent gate.
  9283 | Lair:1   | Found a runed translucent gate.
  9284 | Lair:1   | Noticed Xixaub Eqygg's ghost (journeyman DrTm)
  9958 | Lair:2   | Found a staircase to the Snake Pit.
 10149 | Lair:2   | Reached skill level 19 in Stealth
 11002 | Lair:3   | Received a gift from Yredelemnul (a mummy)
 11186 | Lair:3   | Noticed Fannar
 11216 | Lair:3   | Killed Fannar
 11216 | Lair:3   | Reached skill level 5 in Invocations
 11273 | Lair:3   | Mangled by a cane toad

Skill      XL: |  1  2  3  4  5  6  7  8  9 10 11 |
---------------+----------------------------------+-----
Fighting       | 1 2 3 4 5 6 7 |  7.2
Short Blades   | 3 4 5 7 8 10 | 10.0
Stealth        | 7 8 9 10 12 14 18 19 | 19.0
Armour         | 3 5 6 |  6.6
Invocations    | 2 5 |  5.1
Throwing       | |  1.5
Evocations     | |  2.0

Action                   |  1- 3 |  4- 6 |  7- 9 | 10-12 || total
-------------------------+-------+-------+-------+-------++-------
Melee: Dagger            |    84 |    74 |   150 |   240 ||   548
       Bite              |     7 |     6 |    36 |    29 ||    78
       Short sword       |       |       |   166 |    20 ||   186
 Fire: Blowgun           |       |     6 |       |       ||     6
Throw: Throwing net      |       |       |     1 |       ||     1
Invok: Animate Remains   |       |       |       |     2 ||     2
       Animate Dead      |       |       |       |     1 ||     1
 Abil: Evoke Flight      |       |       |       |     1 ||     1
Evoke: Wand              |       |       |    15 |       ||    15
  Use: Scroll            |     1 |     3 |    12 |     4 ||    20
 Stab: Sleeping          |    13 |     8 |    18 |    34 ||    73
       Distracted        |       |     1 |     2 |     5 ||     8
       Confused          |       |       |     3 |     4 ||     7
       Paralysed         |       |       |     1 |       ||     1
  Eat: Chunk             |     3 |     3 |     8 |     9 ||    23
       Ration            |       |       |     3 |     1 ||     4
Armor: Robe              |     8 |       |       |       ||     8
       Ring mail         |    14 |    24 |   109 |    54 ||   201
Dodge: Dodged            |    35 |    26 |    89 |    61 ||   211
Block: Other             |       |       |     7 |    15 ||    22
